 Dungeon Crawl Stone Soup version 0.28.0 (webtiles) character file.

Game seed: 9610055700969426913

1120 AmazingTV the Covered (level 8, -4/70 HPs)
             Began as a Minotaur Fighter on July 8, 2022.
             Slain by a hornet (12 damage)
             ... on level 5 of the Dungeon.
             The game lasted 00:14:31 (6993 turns).

AmazingTV the Covered (Minotaur Fighter)            Turns: 6993, Time: 00:14:31

Health: -4/70      AC:  6    Str: 22    XL:     8   Next: 12%
Magic:  9/9        EV: 10    Int:  5    God:
Gold:   287        SH:  5    Dex: 11    Spells: 7/7 levels left

rFire   . . .      SeeInvis .   a - +4 war axe {axe}
rCold   . . .      Faith    .   c - +0 buckler
rNeg    + + +      Spirit   .   B - +0 ring mail of the Marlin {rPois rN+++ Will- rCorr}
rPois   +          Reflect  .   (helmet restricted)
rElec   .          Harm     .   (no cloak)
rCorr   +          Rampage  .   (no gloves)
Will    .....                   (no boots)
Stlth   +.........              (no amulet)
HPRegen 0.21/turn               i - ring of resist corrosion
MPRegen 0.11/turn               (no ring)

@: mighty
A: horns 2, retaliatory headbutt
a: no special abilities


You were on level 5 of the Dungeon.
You visited 2 branches of the dungeon, and saw 7 of its levels.
You also visited: Sewer.

You collected 287 gold pieces.


Innate Abilities, Weirdness & Mutations

You have a pair of horns on your head.
You reflexively headbutt those who attack you in melee.


   Skills:
 + Level 5.9 Fighting
 + Level 5.0 Maces & Flails
 + Level 3.6 Throwing
 + Level 6.0 Armour
 + Level 5.9 Shields
 + Level 3.6 Invocations


You had 7 spell levels left.
You didn't know any spells.
Your spell library contained the following spells:

 Spells                   Type           Power      Damage    Failure   Level
 Slow                     Hex            0%         N/A       71%         1
 Ensorcelled Hibernation  Hex/Ice        0%         N/A       85%         2
 Confusing Touch          Hex            0%         N/A       97%         3
 Spider Form              Tmut/Pois      0%         N/A       97%         3
 Vampiric Draining        Necr           0%         2d6       97%         3
 Anguish                  Hex/Necr       0%         N/A       100%        4
 Leda's Liquefaction      Hex/Erth       0%         N/A       100%        4
 Lee's Rapid Deconstruct  Erth           0%         3d5*      100%        5
 Statue Form              Tmut/Erth      0%         N/A       100%        6

Inventory:

Hand Weapons
 a - a +4 war axe (weapon) {axe}
   (You took it off a wight on level 4 of the Dungeon)
 b - a +0 mace {mace}
   (You took it off an orc on level 2 of the Dungeon)
 v - a +2 falchion {long}
   (You took it off a wight on level 4 of the Dungeon)
 w - a +2 long sword {long}
   (You took it off a wight on level 4 of the Dungeon)
 x - a +0 flail {mace}
 z - a +4 short sword {short}
   (You took it off a kobold on level 4 of the Dungeon)
 E - a +1 short sword of venom {short}
   (You found it on level 5 of the Dungeon)
Missiles
 e - 72 arrows
 j - 196 stones
 t - 6 poisoned darts (quivered)
 u - 78 bolts
Armour
 c - a +0 buckler (worn)
 n - a +0 scale mail
 B - the +0 ring mail of the Marlin (worn) {rPois rN+++ Will- rCorr}
   (You found it on level 5 of the Dungeon)

   rPois:     It protects you from poison.
   rN:        It renders you almost immune to negative energy.
   rCorr:     It protects you from acid and corrosion.
   Will:      It decreases your willpower.
Jewellery
 i - a ring of resist corrosion (left hand)
   (You found it on level 1 of the Dungeon)
Scrolls
 f - a scroll of noise {unknown}
 g - 8 scrolls of identify {unknown}
 h - 2 scrolls of fog {unknown}
 k - 3 scrolls of enchant armour {unknown}
 l - 6 scrolls of teleportation {unknown}
 o - 2 scrolls of amnesia {unknown}
 q - a scroll of vulnerability {unknown}
 s - a scroll of immolation {unknown}
 y - a scroll of torment {unknown}
 C - a scroll of acquirement {unknown}
 F - a scroll of enchant weapon {unknown}
 G - a scroll of blinking {unknown}
Potions
 m - a potion of invisibility {unknown}
 p - 3 potions of curing {unknown}
 r - 2 potions of berserk rage {!q}
 A - a potion of cancellation {unknown}
 H - a potion of ambrosia {unknown}
 I - a potion of flight {unknown}
 J - a potion of degeneration {unknown}
Miscellaneous
 D - a box of beasts
   (You found it in a sewer)

Dungeon Overview and Level Annotations

Branches:
Dungeon (6/15)             Temple (1/1) D:4           Sewer (visited)

Altars:
Ashenzari
Cheibriados
Elyvilon
Gozag
Kikubaaqudgha
Nemelex Xobeh
Qazlal
Ru
Sif Muna
Trog
Uskayaw
Vehumet
Xom
Yredelemnul
Zin
The Shining One

#####..##.######.#######
#......................#
#.#.<.....######.#####.#
#.#.############.## #.# #.#.#
#.......# #.# #.#.# #.####..# #.#
#.#.# #.# #..####.#### #.#.# ##.#
#........... #.#.# #@.#
#........... #.#.#
#y#########...#.##
#.#.######.#..<........#.#
#..........#.#######...#.## #####
###.#####..#.## #.....##.. #...#
#.# #...#.####.#######. ....# #.#
#..###...#.# #.
#...#####.#####...#.##.#.##### #.
##.#.........##..#...........###.


You could see a hornet.


Message History

You feel a bit more experienced.
You start resting. 😎 HP[+11]
Your hp is fully restored (70).
Things that are here:
a +0 flail {mace}; an orc corpse
Things that are here:
a +0 dagger {short}; a +0 robe You now have 276 gold pieces (gained 11).
You see here a +0 hand axe {axe}.
j - 196 stones (gained 28)
Things that are here:
a +0 dagger {short}; a +0 robe
Things that are here:
a +0 whip {mace}; a +0 leather armour
Found an escape hatch in the ceiling.
Found a stone staircase leading down.
g - 8 scrolls labelled HEHAEGO QASTICH (gained 3)
You now have 287 gold pieces (gained 11).
G - a scroll labelled QATITHRINIO
Found an escape hatch in the floor.
H - a ruby potion
I - a metallic puce potion
J - a murky purple potion An electric eel comes into view.
You enter the shallow water.
Moving in this stuff is going to be slow.
The electric eel shoots out a bolt of lightning at you!
The bolt of electricity hits you. 😕 HP[-4]
You take 4 damage, and now have 66/70 hp.
An electric eel comes into view.
The electric eel shoots out a bolt of lightning at you!
The bolt of electricity hits you!
The electric eel shoots out a bolt of lightning at you!
The bolt of electricity hits you! 😮 HP[-16]
You take 16 damage, and now have 50/70 hp.
MASSIVE DAMAGE!! (PAUSE)
The electric eel shoots out a bolt of lightning at you!
The bolt of electricity hits you!
The electric eel shoots out a bolt of lightning at you!
The bolt of electricity hits you!
* * * LOW HITPOINT WARNING * * *
😨 HP[-15]
You take 15 damage, and now have 35/70 hp.
MASSIVE DAMAGE!! (PAUSE) 😮 HP[+1] 😮 HP[+1]
You start resting. 😎 HP[+33]
Your hp is fully restored (70).
The electric eel shoots out a bolt of lightning at you!
The bolt of electricity hits you! 😕 HP[-12]
You take 12 damage, and now have 58/70 hp.
A white imp comes into view.
The white imp shouts, "Quit, thou infectious spur-galled meatball!" 😕 HP[+1]
You slash the white imp! You headbutt the white imp.
You kill the white imp!
An ogre comes into view. It is wielding a +0 giant club.
A hornet comes into view.
The hornet buzzes angrily.
You hit the ogre. The ogre hits you with a +0 giant club!
An ogre comes into view.
It is wielding a +0 giant spiked club. 😮 HP[-14]
You take 14 damage, and now have 45/70 hp.
The ogre shouts!
You slice the ogre!! Your headbutt misses the ogre.
A wight comes into view. It is wielding a +2 hand axe.
The ogre hits you with a +0 giant club!!
* * * LOW HITPOINT WARNING * * *
😨 HP[-17]
You take 17 damage, and now have 28/70 hp.
MASSIVE DAMAGE!! (PAUSE) 😨 HP[+1] 😨 HP[+1]
The hornet misses you. The hornet barely misses you. The hornet stings you!
* * * LOW HITPOINT WARNING * * *
😨 HP[-9]
You take 9 damage, and now have 21/70 hp.
The hornet stings you.
* * * LOW HITPOINT WARNING * * *
There is a stone staircase leading up here. 😱 HP[-6]
You take 6 damage, and now have 15/70 hp.
The hornet stings you but does no damage.
The hornet stings you!
* * * LOW HITPOINT WARNING * * *
You climb upwards.
There is a stone staircase leading down here. 😱 HP[-7]
You take 7 damage, and now have 8/70 hp.
You feel very mighty all of a sudden. The hornet closely misses you.
You miss the hornet. You headbutt the hornet! The hornet stings you!
You die...

Skill      XL: |  1  2  3  4  5  6  7 |
---------------+----------------------+-----
Throwing       | 1 2 3 |  3.6
Invocations    | 1 2 3 |  3.6
Armour         | 4 5 6 |  6.0
Fighting       | 4 5 |  5.9
Shields        | 4 5 |  5.9
Maces & Flails | 3 4 5 |  5.0

Action                   |  1- 3 |  4- 6 |  7- 9 || total
-------------------------+-------+-------+-------++-------
Melee: Flail             |    96 |   117 |       ||   213
       Headbutt          |    13 |    21 |    11 ||    45
       War axe           |       |    34 |    58 ||    92
Throw: Dart              |       |     4 |       ||     4
  Use: Potion            |       |       |     1 ||     1
Armor: Scale mail        |    83 |    65 |       ||   148
       Ring mail         |       |       |    23 ||    23
Dodge: Dodged            |    76 |    72 |    38 ||   186
Block: Buckler           |    31 |    33 |    16 ||    80

Levels and vault maps discovered:
D:1:      dpeg_arrival_short_road, layout_basic, minmay_tromino_v4_c
D:2:      layout_rooms
D:3:      layout_loops_ring, shapermc_ecumenical_altar_notcrosses
D:4:      layout_loops_cross, minmay_temple_entry_mist, kennysheep_flooded_box
D:5:      layout_loops_ring, portal_sewer_entry_f, small_statue_intersection,
          minmay_misc_feat_tiny
D:6:      layout_rooms, skrybe_limestone_x, kennysheep_crisscross,
          minmay_misc_feat_square, minivault_10
Temple:   eino_temple_rhombus

Notes
Turn   | Place    | Note
-------+----------+-------------------------------------------
     0 | D:1      | AmazingTV the Minotaur Fighter began the quest for the Orb.
     0 | D:1      | Reached XP level 1. HP: 19/19 MP: 0/0
     0 | D:1      | magus.rc [v1.9.6]
   229 | D:1      | HP: 3/20 [kobold (5)]
   244 | D:1      | HP: 2/20 [quokka (2)]
   577 | D:1      | Reached XP level 2. HP: 27/27 MP: 1/1
   956 | D:1      | Reached XP level 3. HP: 33/33 MP: 2/2
  1026 | D:1      | Reached skill level 1 in Throwing
  1026 | D:1      | Reached skill level 1 in Invocations
  1390 | D:2      | Reached skill level 4 in Armour
  1550 | D:2      | Reached skill level 4 in Fighting
  1587 | D:2      | Reached skill level 4 in Shields
  1606 | D:1      | Reached skill level 3 in Maces & Flails
  1815 | D:2      | Reached XP level 4. HP: 29/40 MP: 2/4
  2372 | D:3      | You pick up a book of Debilitation and begin reading...
  2372 | D:3      | You add the spells Slow, Vampiric Draining and Confusing
                  | Touch to your library.
  2893 | D:3      | HP: 3/40 [iguana (11)]
  2976 | D:3      | HP: 4/40 [iguana (10)]
  3380 | D:3      | Found a faded altar of an unknown god.
  3448 | D:3      | Reached XP level 5. HP: 32/46 MP: 5/5
  3909 | D:4      | Reached skill level 2 in Throwing
  3909 | D:4      | Reached skill level 2 in Invocations
  4117 | D:4      | Reached XP level 6. HP: 52/53 MP: 6/6
  4156 | D:4      | HP: 6/49 [wight (8)]
  4158 | D:4      | Reached skill level 4 in Maces & Flails
  4158 | D:4      | Reached skill level 5 in Armour
  4551 | D:4      | Found a glowing silver altar of Zin.
  4610 | D:4      | Found a staircase to the Ecumenical Temple.
  4626 | Temple   | Entered the Ecumenical Temple
  5129 | D:4      | Reached skill level 5 in Shields
  5267 | D:4      | Reached skill level 5 in Fighting
  5267 | D:4      | Reached XP level 7. HP: 43/61 MP: 8/8
  5439 | D:5      | Entered Level 5 of the Dungeon
  5480 | D:5      | Identified the +0 ring mail of the Marlin {rPois rN+++
                  | Will- rCorr}
  5518 | D:5      | Reached skill level 3 in Invocations
  5533 | D:5      | Reached skill level 3 in Throwing
  5770 | D:5      | Found a glowing drain.
  5779 | Sewer    | Entered a sewer
  5901 | Sewer    | You pick up a book of the Earth and begin reading...
  5901 | Sewer    | You add the spells Leda's Liquefaction, Lee's Rapid
                  | Deconstruction and Statue Form to your library.
  6013 | D:5      | You pick up a book of Dreams and begin reading...
  6013 | D:5      | You add the spells Ensorcelled Hibernation, Spider Form and
                  | Anguish to your library.
  6388 | D:5      | Reached skill level 5 in Maces & Flails
  6388 | D:5      | Reached skill level 6 in Armour
  6388 | D:5      | Reached XP level 8. HP: 54/70 MP: 9/9
  6970 | D:6      | Noticed a hornet
  6989 | D:6      | HP: 15/70 [hornet (6)]
  6993 | D:5      | Slain by a hornet

Vanquished Creatures
  A water moccasin (Sewer)
  A sky beast (D:5)
  An ice beast (D:5)
  2 scorpions
  5 wights (D:4)
  A bullfrog zombie (D:5)
  2 hounds (D:5)
  A jelly (D:4)
  An orc priest (D:6)
  3 iguanas
  2 orc wizards
  A hound zombie (D:5)
  2 hound skeletons (D:5)
  6 adders
  A shadow imp (D:4)
  A white imp (D:6)
  An ufetubus (D:5)
  A worm (D:1)
  2 dart slugs
  5 orcs
  9 ball pythons
  7 endoplasms
  4 giant cockroaches
  3 goblins
  7 hobgoblins
  11 jackals
  12 quokkas
  9 bats
  3 frilled lizards
  15 kobolds
  4 rats
124 creatures vanquished.

Table legend:
 A = Non-vault XP
 B = Vault XP
 C = Vault XP percentage of total XP
 D = Non-vault monster count
 E = Vault monster count
 F = Vault count percentage of total count
                 A         B        C        D         E       F
            +---------+---------+-------+---------+---------+-------
      Total |    1430 |     170 |  10.6 |     112 |      12 |   9.7
            +---------+---------+-------+---------+---------+-------
        D:1 |      70 |       3 |   4.1 |      33 |       2 |   5.7
        D:2 |      62 |       0 |   0.0 |      15 |       0 |   0.0
        D:3 |      83 |       0 |   0.0 |      21 |       0 |   0.0
        D:4 |     547 |       0 |   0.0 |      27 |       0 |   0.0
        D:5 |     576 |      10 |   1.7 |      11 |       5 |  31.2
        D:6 |      92 |       0 |   0.0 |       5 |       0 |   0.0
      Sewer |       0 |     157 | 100.0 |       0 |       5 | 100.0
            +---------+---------+-------+---------+---------+-------

Illustrated notes

Table legend:
 A = Kills in this place as a percentage of kills in entire the game.
 B = Kills by you in this place as a percentage of kills by you in the entire game.
 C = Kills by friends in this place as a percentage of kills by friends in the entire game.
 D = Other kills in this place as a percentage of other kills in the entire game.
 E = Experience gained in this place as a percentage of experience gained in the entire game.
 F = Experience gained in this place divided by the number of levels of this place that you have seen.
                   A       B       C       D       E      F
               +-------+-------+-------+-------+-------+----------------------
         Total | 100.0 | 100.0 |   N/A |   N/A | 100.0 | 200.0
       Dungeon |  96.0 |  96.0 |   N/A |   N/A |  90.2 | 240.5
         Sewer |   4.0 |   4.0 |   N/A |   N/A |   9.8 | 157.0
               +-------+-------+-------+-------+-------+----------------------

Table legend: (Time is in decaauts)
 A = Elapsed time spent in this place.
 B = Non-inter-level travel time spent in this place.
 C = Inter-level travel time spent in this place.
 D = Time resting spent in this place.
 E = Time spent auto-exploring this place.
 F = Levels seen in this place.
 G = Mean time per level.
                   A        B        C        D        E       F      G
               +--------+--------+--------+--------+--------+-----+--------+
         Total |   7099 |   6757 |    342 |   1909 |   3741 |   8 |  887.4 |
       Dungeon |   6646 |   6409 |    237 |   1909 |   3441 |   6 | 1107.7 |
        Temple |    302 |    197 |    105 |      0 |    184 |   1 |  302.0 |
         Sewer |    149 |    149 |      0 |      0 |    116 |   1 |  149.0 |
               +--------+--------+--------+--------+--------+-----+--------+

Top non-repeatable levels by time:
     D:4: 1608 daAuts
     D:1: 1603 daAuts
     D:3: 1151 daAuts
     D:5: 1072 daAuts
     D:2: 851 daAuts
     D:6: 360 daAuts
  Temple: 302 daAuts
   Sewer: 149 daAuts
